TOP OF THE 1ST |
Surrey Sinners batting - Pitching for Chula Vista Tacos : LHP Alberto Colón
|
Pitching: LHP Alberto Colón
|
|
Batting: RHB Jake Townsend
|
0-0: Called Strike 0-1: Foul Ball, location: 2F 0-2: Strikes out looking
|
Batting: RHB Mike Clark
|
0-0: Ball 1-0: Foul Ball, location: 2F 1-1: Foul Ball, location: 2F 1-2: Ball 2-2: Ground out U3 (Groundball, 34)
|
Batting: RHB Jeff Buck
|
0-0: SINGLE (Line Drive, 4MD)
|
Batting: LHB Robert Mann
|
0-0: Ball Jeff Buck is caught stealing 2nd base
|
Top of the 1st over - 0 runs, 1 hit, 0 errors, 0 left on base; Surrey 0 - Chula Vista 0 |
BOTTOM OF THE 1ST |
Chula Vista Tacos batting - Pitching for Surrey Sinners : LHP Mark Schlosser
|
Pitching: LHP Mark Schlosser
|
|
Batting: LHB Dale Miller
|
0-0: Swinging Strike 0-1: Fly out, F8 (Flyball, 8LM)
|
Batting: RHB Valentín Saldaña
|
0-0: Ball 1-0: Called Strike 1-1: Ball 2-1: Foul Ball, location: 2F 2-2: Ground out 4-3 (Groundball, 4)
|
Batting: RHB Germán Ontiveros
|
0-0: Called Strike 0-1: Ball 1-1: Foul Ball, location: 2F 1-2: Ball 2-2: Ball 3-2: Foul Ball, location: 2F 3-2: Foul Ball, location: 2F 3-2: Foul Ball, location: 2F 3-2: Base on Balls
|
Batting: RHB Eric Schroeder
|
0-0: Ball 1-0: Ball 2-0: Ball 3-0: Called Strike 3-1: Called Strike 3-2: SINGLE (Flyball, 89S) Germán Ontiveros to second Germán Ontiveros to third
|
Batting: RHB Kenny Miller
|
0-0: Called Strike 0-1: Ball 1-1: Swinging Strike 1-2: Ball 2-2: Fly out, F8 (Line Drive, 8LD)
|
Bottom of the 1st over - 0 runs, 1 hit, 0 errors, 2 left on base; Surrey 0 - Chula Vista 0 |
TOP OF THE 2ND |
Surrey Sinners batting - Pitching for Chula Vista Tacos : LHP Alberto Colón
|
Batting: LHB Robert Mann
|
0-0: Called Strike 0-1: Foul Ball, location: 2F 0-2: Ball 1-2: Strikes out swinging
|
Batting: LHB Pedro Fernández
|
0-0: Ball 1-0: Ball 2-0: Called Strike 2-1: Swinging Strike 2-2: Ball 3-2: Fly out, F7 (Line Drive, 7S)
|
Batting: RHB Robert Sipple
|
0-0: Ball 1-0: Called Strike 1-1: Foul Ball, location: 2F 1-2: Ball 2-2: Fly out, F8 (Flyball, 8RD)
|
Top of the 2nd over - 0 runs, 0 hits, 0 errors, 0 left on base; Surrey 0 - Chula Vista 0 |
BOTTOM OF THE 2ND |
Chula Vista Tacos batting - Pitching for Surrey Sinners : LHP Mark Schlosser
|
Batting: RHB José Isla
|
0-0: Ball 1-0: SOLO HOME RUN (Flyball, 78XD), Distance : 413 ft
|
Batting: RHB Rafael Cardenas
|
0-0: Foul Ball, location: 2F 0-1: Ball 1-1: Swinging Strike 1-2: Foul Ball, location: 2F 1-2: Ball 2-2: Strikes out swinging
|
Batting: SHB Jared Calhoun
|
0-0: Foul Ball, location: 2F 0-1: Ball 1-1: Ball 2-1: Fly out, F9 (Line Drive, 89S)
|
Batting: SHB Ethan Finley
|
0-0: Ball 1-0: Swinging Strike 1-1: Fly out, F9 (Flyball, 9LS)
|
Bottom of the 2nd over - 1 run, 1 hit, 0 errors, 0 left on base; Surrey 0 - Chula Vista 1 |
TOP OF THE 3RD |
Surrey Sinners batting - Pitching for Chula Vista Tacos : LHP Alberto Colón
|
Batting: RHB Francisco Martínez
|
0-0: Ground out 3-1 (Groundball, 34S)
|
Batting: LHB Patrick Ferguson
|
0-0: Ball 1-0: SINGLE (Flyball, 9S)
|
Batting: SHB Pat Brock
|
0-0: Ball 1-0: Foul Ball, location: 2F 1-1: Ball 2-1: Ball 3-1: Foul Ball, location: 2F 3-2: Strikes out swinging
|
Batting: RHB Jake Townsend
|
0-0: Ball 1-0: Called Strike 1-1: Ball 2-1: Fly out, F7 (Flyball, 7LSF)
|
Top of the 3rd over - 0 runs, 1 hit, 0 errors, 1 left on base; Surrey 0 - Chula Vista 1 |
BOTTOM OF THE 3RD |
Chula Vista Tacos batting - Pitching for Surrey Sinners : LHP Mark Schlosser
|
Batting: LHB Dale Miller
|
0-0: Ball 1-0: Ball 2-0: Foul Ball, location: 2F 2-1: Ball 3-1: Swinging Strike 3-2: SINGLE (Line Drive, 6)
|
Batting: RHB Valentín Saldaña
|
0-0: Called Strike 0-1: Called Strike 0-2: Strikes out looking
|
Batting: RHB Germán Ontiveros
|
0-0: Called Strike 0-1: Grounds into double play, 6-4-3 (Groundball, 6)
|
Bottom of the 3rd over - 0 runs, 1 hit, 0 errors, 0 left on base; Surrey 0 - Chula Vista 1 |
TOP OF THE 4TH |
Surrey Sinners batting - Pitching for Chula Vista Tacos : LHP Alberto Colón
|
Batting: RHB Mike Clark
|
0-0: Called Strike 0-1: Ball 1-1: Ground out 5-3 (Groundball, 56)
|
Batting: RHB Jeff Buck
|
0-0: Called Strike 0-1: Ball 1-1: Ground out 6-3 (Groundball, 6S)
|
Batting: LHB Robert Mann
|
0-0: Called Strike 0-1: Foul Ball, location: 2F 0-2: Foul Ball, location: 2F 0-2: Ball 1-2: Foul Ball, location: 2F 1-2: Ball 2-2: Ball 3-2: SINGLE (Line Drive, 4MD)
|
Batting: LHB Pedro Fernández
|
0-0: Ball 1-0: Fly out, F9 (Flyball, 89M)
|
Top of the 4th over - 0 runs, 1 hit, 0 errors, 1 left on base; Surrey 0 - Chula Vista 1 |
BOTTOM OF THE 4TH |
Chula Vista Tacos batting - Pitching for Surrey Sinners : LHP Mark Schlosser
|
Batting: RHB Eric Schroeder
|
0-0: Ball 1-0: Called Strike 1-1: Called Strike 1-2: Foul Ball, location: 2F 1-2: Foul Ball, location: 2F 1-2: Ball 2-2: Strikes out swinging
|
Batting: RHB Kenny Miller
|
0-0: Ball 1-0: Ball 2-0: Ball 3-0: Base on Balls
|
Batting: RHB José Isla
|
0-0: Ball 1-0: Ball 2-0: Ground out 4-3 (Groundball, 4MD) Kenny Miller to second
|
Batting: RHB Rafael Cardenas
|
0-0: Foul Ball, location: 2F 0-1: Ball 1-1: Foul Ball, location: 2F 1-2: Ball 2-2: Strikes out swinging
|
Bottom of the 4th over - 0 runs, 0 hits, 0 errors, 1 left on base; Surrey 0 - Chula Vista 1 |
TOP OF THE 5TH |
Surrey Sinners batting - Pitching for Chula Vista Tacos : LHP Alberto Colón
|
Batting: RHB Robert Sipple
|
0-0: Ball 1-0: Foul Ball, location: 2F 1-1: Called Strike 1-2: Foul Ball, location: 2F 1-2: Foul Ball, location: 2F 1-2: Ball 2-2: Foul Ball, location: 2F 2-2: Ball 3-2: Base on Balls
|
Batting: RHB Francisco Martínez
|
0-0: Ball 1-0: Foul Ball, location: 2F 1-1: Ball 2-1: SINGLE (Line Drive, 89S) Robert Sipple to second Runner from 2nd tries for 3rd, SAFE, throw made to third
|
Batting: LHB Patrick Ferguson
|
0-0: Swinging Strike 0-1: Ball 1-1: Foul Ball, location: 2F 1-2: Foul Ball, location: 2F 1-2: Strikes out swinging
|
Batting: SHB Pat Brock
|
0-0: Ball 1-0: Swinging Strike 1-1: Called Strike 1-2: Ball 2-2: Foul Ball, location: 2F 2-2: Foul Ball, location: 2F 2-2: Grounds into double play, 4-6-3 (Groundball, 4)
|
Top of the 5th over - 0 runs, 1 hit, 0 errors, 1 left on base; Surrey 0 - Chula Vista 1 |
BOTTOM OF THE 5TH |
Chula Vista Tacos batting - Pitching for Surrey Sinners : LHP Mark Schlosser
|
Batting: SHB Jared Calhoun
|
0-0: Ball 1-0: SINGLE (Line Drive, 56)
|
Batting: SHB Ethan Finley
|
0-0: Ball 1-0: Ball 2-0: Fielders Choice at 2nd, 6-4 (Groundball, 6)
|
Batting: LHB Dale Miller
|
0-0: Called Strike 0-1: Ball 1-1: Swinging Strike 1-2: Foul Ball, location: 2F 1-2: Fly out, F9 (Flyball, 9S)
|
Batting: RHB Valentín Saldaña
|
0-0: Swinging Strike 0-1: Ball 1-1: Ball 2-1: Ball 3-1: SINGLE (Flyball, 89M) Ethan Finley to second Runner from 2nd tries for 3rd, SAFE, throw made to third
|
Batting: RHB Germán Ontiveros
|
0-0: Foul Ball, location: 2F 0-1: Ball 1-1: Ball 2-1: Ball 3-1: Base on Balls Valentín Saldaña to second
|
Batting: RHB Eric Schroeder
|
0-0: Foul Ball, location: 2F 0-1: Ground out 4-3 (Groundball, 4M)
|
Bottom of the 5th over - 0 runs, 2 hits, 0 errors, 3 left on base; Surrey 0 - Chula Vista 1 |
TOP OF THE 6TH |
Surrey Sinners batting - Pitching for Chula Vista Tacos : LHP Alberto Colón
|
Batting: RHB Jake Townsend
|
0-0: Called Strike 0-1: Foul Ball, location: 2F 0-2: Strikes out swinging
|
Batting: RHB Mike Clark
|
0-0: Ball 1-0: Ball 2-0: Called Strike 2-1: Fly out, F9 (Flyball, 9LSF)
|
Batting: RHB Jeff Buck
|
0-0: Called Strike 0-1: Ball 1-1: Ball 2-1: SINGLE (Flyball, 7S)
|
Batting: LHB Robert Mann
|
0-0: Ball 1-0: Swinging Strike 1-1: Ball 2-1: Foul Ball, location: 2F 2-2: DOUBLE (Line Drive, 5D) Jeff Buck to third Jeff Buck scores
|
Pitching: RHP Brock Corless
|
|
Batting: LHB Pedro Fernández
|
0-0: Foul Ball, location: 2F 0-1: Ball 1-1: Foul Ball, location: 2F 1-2: Ball 2-2: Strikes out swinging
|
Top of the 6th over - 1 run, 2 hits, 0 errors, 1 left on base; Surrey 1 - Chula Vista 1 |
BOTTOM OF THE 6TH |
Chula Vista Tacos batting - Pitching for Surrey Sinners : LHP Mark Schlosser
|
Batting: RHB Kenny Miller
|
0-0: Ground out 6-3 (Groundball, 6)
|
Batting: RHB José Isla
|
0-0: Ball 1-0: Ball 2-0: Called Strike 2-1: Foul Ball, location: 2F 2-2: Strikes out swinging
|
Batting: RHB Rafael Cardenas
|
0-0: Ball 1-0: Called Strike 1-1: Foul Ball, location: 2F 1-2: Foul Ball, location: 2F 1-2: Strikes out swinging
|
Bottom of the 6th over - 0 runs, 0 hits, 0 errors, 0 left on base; Surrey 1 - Chula Vista 1 |
TOP OF THE 7TH |
Surrey Sinners batting - Pitching for Chula Vista Tacos : RHP Brock Corless
|
Pinch Hitting: RHB Christian Porter
|
0-0: Swinging Strike 0-1: Fly out, F7 (Line Drive, 7)
|
Pinch Hitting: SHB Ed Nelson
|
0-0: Called Strike 0-1: Foul Ball, location: 2F 0-2: Strikes out looking
|
Batting: LHB Patrick Ferguson
|
0-0: Fly out, F7 (Line Drive, 78M)
|
Top of the 7th over - 0 runs, 0 hits, 0 errors, 0 left on base; Surrey 1 - Chula Vista 1 |
BOTTOM OF THE 7TH |
Chula Vista Tacos batting - Pitching for Surrey Sinners : LHP Mark Schlosser
|
Pitching: RHP Ed Crawford
|
|
Now at 2B: Ed Nelson
|
|
Now in LF: Christian Porter
|
|
Batting: SHB Jared Calhoun
|
0-0: Ball 1-0: Called Strike 1-1: Ground out 4-3 (Groundball, 4)
|
Batting: SHB Ethan Finley
|
0-0: Ball 1-0: Ball 2-0: Foul Ball, location: 2F 2-1: Swinging Strike 2-2: Ball 3-2: Foul Ball, location: 2F 3-2: Strikes out swinging
|
Pitching: LHP Juan Ortíz
|
|
Batting: LHB Dale Miller
|
0-0: Foul Ball, location: 2F 0-1: Swinging Strike 0-2: Ball 1-2: Fly out, F9 (Flyball, 89M)
|
Bottom of the 7th over - 0 runs, 0 hits, 0 errors, 0 left on base; Surrey 1 - Chula Vista 1 |
TOP OF THE 8TH |
Surrey Sinners batting - Pitching for Chula Vista Tacos : RHP Brock Corless
|
Pinch Hitting: RHB Pat Simms
|
0-0: Fly out, F9 (Flyball, 9S)
|
Batting: RHB Jake Townsend
|
0-0: Ball 1-0: Called Strike 1-1: Ground out 4-3 (Groundball, 4)
|
Pinch Hitting: RHB Kevin Robinson
|
0-0: SOLO HOME RUN (Flyball, 7D), Distance : 401 ft
|
Batting: RHB Jeff Buck
|
0-0: Ball 1-0: Called Strike 1-1: Ball 2-1: Foul Ball, location: 2F 2-2: Ball 3-2: Strikes out looking
|
Top of the 8th over - 1 run, 1 hit, 0 errors, 0 left on base; Surrey 2 - Chula Vista 1 |
BOTTOM OF THE 8TH |
Chula Vista Tacos batting - Pitching for Surrey Sinners : LHP Juan Ortíz
|
Pitching: RHP Chris Ryan
|
|
Now at 3B: Kevin Robinson
|
|
Now at SS: Luis Días
|
|
Batting: RHB Valentín Saldaña
|
0-0: Called Strike 0-1: Ball 1-1: Ball 2-1: SINGLE (Groundball, 56D)
|
Pinch Hitting: LHB Jean Beauchemin
|
0-0: Called Strike 0-1: Ball 1-1: Ball 2-1: Foul Ball, location: 2F 2-2: Ground out 4-3 (Groundball, 34) Valentín Saldaña to second
|
Batting: RHB Eric Schroeder
|
0-0: Swinging Strike 0-1: Called Strike 0-2: Strikes out swinging
|
Batting: RHB Kenny Miller
|
0-0: Called Strike 0-1: Fly out, F8 (Flyball, 89D)
|
Bottom of the 8th over - 0 runs, 1 hit, 0 errors, 1 left on base; Surrey 2 - Chula Vista 1 |
TOP OF THE 9TH |
Surrey Sinners batting - Pitching for Chula Vista Tacos : RHP Brock Corless
|
Pitching: LHP Craig Grant
|
|
Now in RF: Jean Beauchemin
|
|
Batting: LHB Robert Mann
|
0-0: Ball 1-0: Ball 2-0: Ball 3-0: Called Strike 3-1: Base on Balls
|
Pinch Hitting: RHB Ron Gilbert
|
0-0: Ball 1-0: SINGLE (Groundball, 34D) Robert Mann to second Runner from 2nd tries for 3rd, SAFE, no throw
|
Batting: RHB Christian Porter
|
0-0: Ball 1-0: Ball 2-0: Ball 3-0: Called Strike 3-1: SINGLE (Groundball, 6MD) Robert Mann scores Ron Gilbert to second Runner from 2nd tries for 3rd, SAFE, no throw
|
Pinch Hitting: RHB Don Jackson
|
0-0: Ball 1-0: DOUBLE (Flyball, 3D) Ron Gilbert scores Christian Porter to third
|
Batting: LHB Patrick Ferguson
|
0-0: Called Strike 0-1: Ground out 6-3 (Groundball, 56)
|
Batting: SHB Luis Días
|
0-0: Swinging Strike 0-1: Called Strike 0-2: Ball 1-2: Strikes out looking
|
Batting: RHB Jake Townsend
|
0-0: Ball 1-0: Called Strike Balk! Christian Porter scores Don Jackson to third 1-1: Ball 2-1: Ball 3-1: Base on Balls
|
Pitching: RHP Chris Horne
|
|
Batting: RHB Kevin Robinson
|
0-0: Foul Ball, location: 2F 0-1: Ball 1-1: Ground out U3 (Groundball, 3S)
|
Top of the 9th over - 3 runs, 3 hits, 0 errors, 2 left on base; Surrey 5 - Chula Vista 1 |
BOTTOM OF THE 9TH |
Chula Vista Tacos batting - Pitching for Surrey Sinners : RHP Chris Ryan
|
Now at C: Ron Gilbert
|
|
Now at 2B: Don Jackson
|
|
Batting: RHB José Isla
|
0-0: DOUBLE (Line Drive, 5D)
|
Batting: RHB Rafael Cardenas
|
0-0: Ball 1-0: Foul Ball, location: 2F 1-1: Foul Ball, location: 2F 1-2: Strikes out swinging
|
Batting: SHB Jared Calhoun
|
0-0: Ball 1-0: Foul Ball, location: 2F 1-1: Ball 2-1: Called Strike 2-2: Strikes out swinging
|
Batting: SHB Ethan Finley
|
0-0: Foul Ball, location: 2F 0-1: Ball 1-1: Called Strike 1-2: Ball 2-2: Ball 3-2: Strikes out swinging
|
Bottom of the 9th over - 0 runs, 1 hit, 0 errors, 1 left on base; Surrey 5 - Chula Vista 1 |
|